Map: Frozen Temple

Players

xKawaiian - Winner!

  • Race: Terran Terran
  • League: Master

KingTesla (Rob)

  • Race: Protoss Protoss
  • League: Grandmaster

VOD

Have the link to the VOD?

Description

Time

  • Played on: Sept. 12, 2016, 7:38 p.m.
  • Length: 5:29
Show
View Real Time Build Order
Export as new Build Order

xKawaiian Terran - Winner!

Build Orders: 1/1/1 

Get SALT Encoding   

  12  0:00  SCV  
  13  0:13  SCV  
  14  0:17  Supply Depot  
  14  0:25  SCV  
  15  0:31  Refinery  
  15  0:39  SCV  
  16  0:45  Barracks  
  16  0:51  SCV  
  17  1:03  SCV  
  18  1:15  SCV  
  19  1:32  Orbital Command, Marine  
  20  1:34  Factory  
  20  1:37  Supply Depot  
  20  1:41  Refinery  
  20  1:52  Barracks Reactor  
  20  1:57  SCV  
  21  2:09  SCV  
  22  2:19  Widow Mine  
  22  2:21  SCV  
  22  2:22  Starport  
  25  2:29  Engineering Bay, Marine x2  
  27  2:33  SCV  
  27  2:36  Supply Depot  
  28  2:45  SCV  
  28  2:47  Marine x2  
  31  2:57  Widow Mine  
  33  2:59  Missile Turret  
  33  3:01  Medivac  
  35  3:05  Marine  
  35  3:06  Marine  
  37  3:14  Supply Depot  
  37  3:23  Marine  
  37  3:24  Marine  
  37  3:27  Factory Tech Lab  
  39  3:35  Medivac  
  39  3:36  Supply Depot  
  41  3:43  Marine x2  
  41  3:45  Siege Tank  
  46  4:01  Marine x2  
  46  4:07  Liberator  
  46  4:11  Supply Depot  
  46  4:17  Siege Tank  
  46  4:19  Marine  
  48  4:25  Marine  
  48  4:29  SCV  
  53  4:37  Marine  
  54  4:43  Marine  
  55  4:49  Siege Tank  
  58  4:54  Marine  
  56  5:01  Marine  
Show
View Real Time Build Order
Export as new Build Order

KingTesla Protoss 

Build Orders: 1 Gate Expand 

Get SALT Encoding   

  12  0:01  Probe (Chrono Boost)  
  13  0:11  Probe (Chrono Boost)  
  14  0:18  Pylon  
  14  0:22  Probe (Chrono Boost)  
  15  0:36  Probe (Chrono Boost), Gateway  
  16  0:47  Probe (Chrono Boost)  
  17  0:51  Assimilator  
  17  0:57  Probe (Chrono Boost)  
  18  1:08  Probe (Chrono Boost)  
  19  1:18  Nexus  
  19  1:22  Probe (Chrono Boost)  
  20  1:32  Cybernetics Core  
  20  1:36  Probe (Chrono Boost)  
  21  1:41  Assimilator  
  21  1:47  Probe (Chrono Boost)  
  22  1:51  Pylon  
  22  1:57  Probe (Chrono Boost)  
  23  2:10  Probe (Chrono Boost), Stalker  
  23  2:11  Warp Gate  
  26  2:21  Probe (Chrono Boost)  
  26  2:28  Robotics Facility  
  26  2:32  Probe (Chrono Boost)  
  26  2:33  Probe (Chrono Boost)  
  28  2:43  Probe (Chrono Boost)  
  28  2:44  Probe (Chrono Boost)  
  30  2:45  Stalker  
  32  2:56  Mothership Core (Chrono Boost), Probe (Chrono Boost)  
  35  3:07  Probe (Chrono Boost)  
  36  3:13  Immortal  
  36  3:15  Probe (Chrono Boost), Adept  
  44  3:20  Probe (Chrono Boost)  
  44  3:23  Pylon  
  44  3:28  Probe (Chrono Boost)  
  44  3:31  Probe (Chrono Boost)  
  46  3:34  Pylon  
  46  3:41  Probe (Chrono Boost)  
  46  3:42  Probe (Chrono Boost)  
  45  3:49  Observer  
  45  3:52  Probe (Chrono Boost)  
  45  3:54  Probe (Chrono Boost)  
  48  3:55  Gateway  
  49  4:03  Probe (Chrono Boost)  
  49  4:06  Probe (Chrono Boost)  
  49  4:08  Gateway  
  50  4:16  Stalker  
  51  4:19  Probe (Chrono Boost)  
  51  4:21  Probe (Chrono Boost)  
  53  4:29  Immortal  
  55  4:33  Pylon  
  55  4:37  Pylon  
  56  4:44  Stalker  
  41  5:03  Stalker  
  39  5:09  Stalker  
Tags
 
Add a new tag
Caveats
  • Supply blocks, unpowered buildings, or Contaminate may cause inaccurate times.
  • Supply counts are checked every 10 seconds.